 Dungeon Crawl Stone Soup version 0.17-a0-1763-g847a857 (webtiles) character file.

1249 Leibowitz the Ducker (level 8, -3/64 HPs)
             Began as a Demigod Gladiator on Sept 4, 2015.
             Slain by an iguana (6 damage)
             ... on level 5 of the Dungeon.
             The game lasted 00:16:17 (5622 turns).

Leibowitz the Ducker (Demigod Gladiator)            Turns: 5622, Time: 00:16:17

Health: -3/64      AC:  6    Str: 18    XL:     8   Next: 5%
Magic:  10/11      EV: 16    Int: 12    God:
Gold:   193        SH:  0    Dex: 20    Spells: 1 memorised, 6 levels left

rFire  + . .     SeeInvis +     a - +0 long sword
rCold  . . .     Clarity  .     g - +2 robe {rF+}
rNeg   . . .     SustAt   +     (no shield)
rPois  .         Gourm    .     c - +0 helmet
rElec  .         Spirit   .     r - +0 cloak
rCorr  .         Warding  .     (no gloves)
rMut   +         Stasis   .     (no boots)
MR     .....                    e - amulet of resist mutation
Stlth  +++.......               f - ring of see invisible
                                k - ring of wizardry

@: not resistant to hostile enchantments, fairly stealthy
A: high mp 1, sustain attributes
a: no special abilities


You were on level 5 of the Dungeon.
You were hungry.

You visited 1 branch of the dungeon, and saw 5 of its levels.

You collected 193 gold pieces.

Inventory:

Hand weapons
 a - a +0 long sword (weapon)
Missiles
 i - 27 poisoned needles
Armour
 c - a +0 helmet (worn)
 g - a +2 robe of fire resistance (worn)
 r - a +0 cloak (worn)
Jewellery
 e - an amulet of resist mutation (around neck)
 f - a ring of see invisible (right hand)
 k - a ring of wizardry (left hand)
 n - an uncursed amulet of stasis
Magical devices
 p - a wand of magic darts (8)
 s - a wand of slowing (29)
Scrolls
 l - 4 scrolls of remove curse
 q - 5 scrolls of identify
 t - 2 scrolls of teleportation
 v - a scroll of enchant armour {unknown}
Potions
 j - a potion of agility
Comestibles
 b - 3 bread rations
 h - a slice of pizza
 o - a meat ration
 u - a chunk of flesh


   Skills:
 + Level 3.6 Fighting
 + Level 4.6 Long Blades
 + Level 2.0 Throwing
 + Level 3.3 Armour
 + Level 5.5 Dodging
 * Level 4.5 Stealth
 + Level 0.6 Evocations


You had 6 spell levels left.
You knew the following spells:

 Your Spells              Type           Power        Failure   Level  Hunger
a - Freeze                Ice            #...         14%         1    ##.....


Dungeon Overview and Level Annotations

Branches:
Dungeon (5/15)             Temple (0/1) D:5

Shops:
D:5 *


Innate Abilities, Weirdness & Mutations

You have an increased reservoir of magic (+10% MP).
Your attributes are resistant to harm.


Message History

* * * LOW HITPOINT WARNING * * *
You hit the iguana but do no damage. The iguana barely misses you.
You hit the iguana but do no damage. The iguana barely misses you.
You closely miss the iguana. The iguana misses you.
You barely miss the iguana. The iguana misses you.
The iguana closely misses you.
You hit the iguana.
The iguana is lightly wounded.
The iguana completely misses you.
You hit the iguana.
The iguana is moderately wounded.
The iguana bites you.
* * * LOW HITPOINT WARNING * * *
You hit the iguana.
The iguana is almost dead.
The iguana barely misses you.
You closely miss the iguana.
The iguana is almost dead.
The iguana bites you.
You die...

#.#.##.#..... #.# #.#
#..# ....### ###..##.#
...# ##..# ....#.##.#
...## ##..###.##.#.##.#
....###.#.....##.#.##.#
.......###..####.#.##.#
............####.#.##.#
....######...<.l......#
#..## #..####@#.####
<[..#####..........#
............####.###
#.#.#.####.## #.#
.#.........# ##.#
##.######.# #..# #.# #.
#.## ##.### #.# ##'###
#.#


You could see an iguana.

Vanquished Creatures
  Duvessa (D:4)
  2 ice beasts (D:5)
  An ogre (D:4)
  A centaur (D:4)
  The ghost of Crag the Gusty, an average TeAE (D:3)
  Dowan (D:4)
  3 scorpions
  A crimson imp (D:5)
  3 orc priests
  A hound (D:4)
  2 orc wizards
  3 worker ants
  Natasha (thrice) (D:4)
  3 gnolls (D:4)
  7 adders
  2 adder skeletons
  2 worms
  5 giant geckos
  11 orcs
  3 giant cockroaches
  7 goblins
  10 hobgoblins
  9 jackals
  A quokka (D:4)
  A ball python (D:3)
  12 bats
  2 giant newts
  10 kobolds
  3 rats
111 creatures vanquished.

Notes
Turn   | Place    | Note
--------------------------------------------------------------
     0 | D:1      | Leibowitz the Demigod Gladiator began the quest for the Orb.
     0 | D:1      | Reached XP level 1. HP: 17/17 MP: 3/3
   132 | D:1      | Reached skill level 3 in Long Blades
   291 | D:1      | Reached XP level 2. HP: 24/24 MP: 4/4
   344 | D:1      | Found a shattered altar of Ashenzari.
   690 | D:2      | Reached XP level 3. HP: 27/29 MP: 5/5
   751 | D:2      | Reached skill level 1 in Stealth
  1227 | D:2      | Found a bloodstained altar of Trog.
  1402 | D:2      | Reached XP level 4. HP: 36/36 MP: 6/6
  1748 | D:2      | Reached skill level 1 in Armour
  1997 | D:3      | Noticed Crag's ghost (average TeAE)
  2011 | D:3      | Killed Crag's ghost
  2011 | D:3      | Reached XP level 5. HP: 10/41 MP: 7/7
  3055 | D:4      | Reached XP level 6. HP: 14/50 MP: 8/8
  3345 | D:4      | Noticed Dowan
  3757 | D:4      | Noticed an ogre
  3764 | D:4      | Killed an ogre
  3771 | D:4      | Found an opulent altar of Gozag.
  3779 | D:4      | Reached skill level 4 in Long Blades
  3891 | D:4      | Noticed Natasha
  3897 | D:4      | Killed Natasha
  3935 | D:4      | Reached XP level 7. HP: 48/56 MP: 9/9
  3980 | D:4      | Noticed Natasha
  3988 | D:4      | Killed Natasha
  4430 | D:4      | Noticed Duvessa
  4446 | D:4      | Killed Duvessa
  4468 | D:4      | Killed Dowan
  4503 | D:4      | Noticed Natasha
  4510 | D:4      | Killed Natasha
  4647 | D:4      | Found an iron altar of Okawaru.
  4846 | D:5      | Entered Level 5 of the Dungeon
  4855 | D:5      | Found a staircase to the Ecumenical Temple.
  5224 | D:5      | Reached skill level 5 in Dodging
  5483 | D:5      | Learned a level 1 spell: Freeze
  5489 | D:5      | Found Huci's General Store.
  5611 | D:5      | Reached XP level 8. HP: 12/64 MP: 9/11
  5620 | D:5      | HP: 3/64 [iguana (4)]
  5622 | D:5      | Slain by an iguana

Vault maps used:
D:1:      minmay_arrival_glassed_features, evilmike_ruin_ashenzari
D:2:      overflow_temple_1_default, serial_forest, infiniplex_forest_split,
          infiniplex_forest_straight_3, infiniplex_forest_straight_2,
          infiniplex_forest_lined_3_way, infiniplex_forest_side_room,
          infiniplex_forest_split, infiniplex_forest_lined_corner,
          infiniplex_forest_clump_medium
D:3:      wad_pebble_path, first_bread, grunt_ministairs_8
D:4:      lemuel_coloured_pillars_altar, nicolae_overflow_hidden_temple,
          minmay_misc_feat_columns, uniq_natasha, uniq_duvessa,
          uniq_blork_the_orc
D:5:      temple_doors_e, serial_shops, nicolae_shop_behind_doors

Action                   |  1- 3 |  4- 6 |  7- 9 || total
-------------------------+-------+-------+-------++-------
Melee: Long sword        |    96 |   152 |   203 ||   451
Throw: Throwing net      |       |     1 |     2 ||     3
Evoke: Wand              |       |       |     9 ||     9
  Use: Potion            |       |     5 |     3 ||     8
       Scroll            |       |       |     4 ||     4
 Stab: Sleeping          |     4 |     5 |     3 ||    12
       Distracted        |     1 |       |     1 ||     2
       Held in net/web   |       |     2 |     2 ||     4
  Eat: Chunk             |     1 |     9 |     5 ||    15
